IL
TACOMA RAINIERS @ ROUND ROCK EXPRESS
08/30/2048
 
TOP OF THE 1ST
Tacoma Rainiers batting - Pitching for Round Rock Express : RHP Luis Herrera
Pitching: RHP Luis Herrera
Batting: RHB Brad Robidas 0-0: Called Strike
0-1: Ball
1-1: Foul Ball, location: 2F
1-2: Foul Ball, location: 2F
1-2: Strikes out looking
Batting: RHB Enrique Valdez 0-0: Ball
1-0: Ball
2-0: Called Strike
2-1: Ball
3-1: SOLO HOME RUN (Flyball, 7D, EV 98.1 MPH), Distance : 366 ft
Batting: LHB Josh Pittman 0-0: Hit by Pitch
Batting: LHB Ryan Lowe 0-0: Called Strike
0-1: Grounds into double play, 4-6-3 (Groundball, 4, EV 78.1 MPH)
Top of the 1st over - 1 run, 1 hit, 0 errors, 0 left on base; Tacoma 1 - Round Rock 0
BOTTOM OF THE 1ST
Round Rock Express batting - Pitching for Tacoma Rainiers : RHP Vinny Reveles
Pitching: RHP Vinny Reveles
Batting: LHB Jody Hudson 0-0: Foul Ball, location: 2F
0-1: Called Strike
0-2: Strikes out swinging
Batting: RHB Adryão Anto 0-0: Called Strike
0-1: Ball
1-1: Ball
2-1: Ball
3-1: Base on Balls
Batting: LHB Josh Stuck 0-0: Ball
1-0: Fly out, F9 (Flyball, 9LD, EV 109.4 MPH)
Runner from 1st tags up, SAFE at 2nd
Batting: RHB Trevor Mock 0-0: Ball
1-0: SINGLE (Flyball, 3D, EV 88.1 MPH)
Adryão Anto to third
Runner from 3rd tries for Home, SAFE, throw by RF to home
Batting: RHB Ivan Colon 0-0: Ball
Trevor Mock steals 2nd base
1-0: Foul Ball, location: 2F
1-1: Ground out 5-3 (Groundball, 56, EV 104.4 MPH)
Bottom of the 1st over - 1 run, 1 hit, 0 errors, 1 left on base; Tacoma 1 - Round Rock 1
TOP OF THE 2ND
Tacoma Rainiers batting - Pitching for Round Rock Express : RHP Luis Herrera
Batting: RHB Josh Ruhl 0-0: Ball
1-0: Called Strike
1-1: Ball
2-1: Called Strike
2-2: Ground out 6-3 (Groundball, 6, EV 93.8 MPH)
Batting: RHB Rick Ellis 0-0: Called Strike
0-1: Called Strike
0-2: Ball
1-2: Ball
2-2: Strikes out swinging, 2-3 out at first.
Batting: RHB Chris Olheiser 0-0: Ball
1-0: SINGLE (Line Drive, 56D, EV 96.2 MPH)
Batting: RHB Max Schellekens 0-0: Called Strike
0-1: Ball
1-1: Foul Ball, location: 2F
1-2: Strikes out swinging
Top of the 2nd over - 0 runs, 1 hit, 0 errors, 1 left on base; Tacoma 1 - Round Rock 1
BOTTOM OF THE 2ND
Round Rock Express batting - Pitching for Tacoma Rainiers : RHP Vinny Reveles
Batting: RHB Martin Guerrero 0-0: Ball
1-0: Ball
2-0: Ball
3-0: Called Strike
3-1: Base on Balls
Batting: RHB Jeremy Boerman 0-0: Swinging Strike
0-1: Swinging Strike
0-2: Foul Ball, location: 2F
0-2: Ball
1-2: Strikes out swinging
Batting: RHB Carlos Lopez 0-0: Foul Ball, location: 2F
0-1: Foul Ball, location: 2F
0-2: Ball
1-2: Ball
2-2: Grounds into double play, 6-4-3 (Groundball, 6, EV 85.0 MPH)
Bottom of the 2nd over - 0 runs, 0 hits, 0 errors, 0 left on base; Tacoma 1 - Round Rock 1
TOP OF THE 3RD
Tacoma Rainiers batting - Pitching for Round Rock Express : RHP Luis Herrera
Batting: RHB Kagetoki Kawai 0-0: Ball
1-0: Foul Ball, location: 2F
1-1: Swinging Strike
1-2: Ball
2-2: Strikes out looking
Batting: RHB Brad Robidas 0-0: Ball
1-0: Ball
2-0: Swinging Strike
2-1: Called Strike
2-2: Foul Ball, location: 2F
2-2: Strikes out swinging
Batting: RHB Enrique Valdez 0-0: Ball
1-0: Swinging Strike
1-1: Foul Ball, location: 2F
1-2: Fly out, F7 (Flyball, 78M, EV 90.0 MPH)
Top of the 3rd over - 0 runs, 0 hits, 0 errors, 0 left on base; Tacoma 1 - Round Rock 1
BOTTOM OF THE 3RD
Round Rock Express batting - Pitching for Tacoma Rainiers : RHP Vinny Reveles
Batting: RHB Luis Arce 0-0: Ball
1-0: Ball
2-0: Ground out 5-3 (Groundball, 56, EV 76.9 MPH)
Batting: LHB Jody Hudson 0-0: Ball
1-0: Foul Ball, location: 2F
1-1: Foul Ball, location: 2F
1-2: Ball
2-2: Ground out 4-3 (Groundball, 34, EV 103.8 MPH)
Batting: RHB Adryão Anto 0-0: Called Strike
0-1: Ball
1-1: Called Strike
1-2: Ball
2-2: Strikes out looking
Bottom of the 3rd over - 0 runs, 0 hits, 0 errors, 0 left on base; Tacoma 1 - Round Rock 1
TOP OF THE 4TH
Tacoma Rainiers batting - Pitching for Round Rock Express : RHP Luis Herrera
Batting: LHB Josh Pittman 0-0: Ball
1-0: Ball
2-0: Ball
3-0: Base on Balls
Batting: LHB Ryan Lowe 0-0: Called Strike
0-1: Ball
1-1: Fielders Choice at 2nd, 4-6 (Groundball, 13, EV 90.0 MPH)
Batting: RHB Josh Ruhl 0-0: Ball
1-0: Fly out, F3 (Popup, 3SF, EV 85.6 MPH)
Batting: RHB Rick Ellis 0-0: SINGLE (Flyball, 89S, EV 86.2 MPH)
Ryan Lowe to second
Runner from 2nd tries for 3rd, SAFE, throw by RF made to third
Batting: RHB Chris Olheiser 0-0: Swinging Strike
0-1: Foul Ball, location: 2F
0-2: Ball
1-2: Strikes out swinging
Top of the 4th over - 0 runs, 1 hit, 0 errors, 2 left on base; Tacoma 1 - Round Rock 1
BOTTOM OF THE 4TH
Round Rock Express batting - Pitching for Tacoma Rainiers : RHP Vinny Reveles
Batting: LHB Josh Stuck 0-0: Ground out 4-3 (Groundball, 4M, EV 85.6 MPH)
Batting: RHB Trevor Mock 0-0: Called Strike
0-1: Ball
1-1: Ball
2-1: Called Strike
2-2: Fly out, F8 (Flyball, 8LS, EV 86.2 MPH)
Batting: RHB Ivan Colon 0-0: Foul Ball, location: 2F
0-1: Foul Ball, location: 2F
0-2: Strikes out swinging
Bottom of the 4th over - 0 runs, 0 hits, 0 errors, 0 left on base; Tacoma 1 - Round Rock 1
TOP OF THE 5TH
Tacoma Rainiers batting - Pitching for Round Rock Express : RHP Luis Herrera
Batting: RHB Max Schellekens 0-0: Ball
1-0: Ball
2-0: Ball
3-0: Called Strike
3-1: Ground out 5-3 (Groundball, 5S, EV 68.1 MPH)
Batting: RHB Kagetoki Kawai 0-0: Called Strike
0-1: Ball
1-1: Ball
2-1: Ground out 6-3 (Groundball, 6, EV 88.8 MPH)
Batting: RHB Brad Robidas 0-0: Called Strike
0-1: Foul Ball, location: 2F
0-2: Ball
1-2: Strikes out swinging
Top of the 5th over - 0 runs, 0 hits, 0 errors, 0 left on base; Tacoma 1 - Round Rock 1
BOTTOM OF THE 5TH
Round Rock Express batting - Pitching for Tacoma Rainiers : RHP Vinny Reveles
Batting: RHB Martin Guerrero 0-0: Called Strike
0-1: Ball
1-1: Called Strike
1-2: SINGLE (Groundball, 56D, EV 96.9 MPH)
Batting: RHB Jeremy Boerman 0-0: Ball
1-0: Ball
2-0: Fly out, F6 (Line Drive, 6M, EV 65.6 MPH)
Batting: RHB Carlos Lopez 0-0: Foul Ball, location: 2F
0-1: Ball
1-1: Fly out, F8 (Flyball, 8RXD, EV 91.2 MPH)
Batting: RHB Luis Arce 0-0: Ball
1-0: Ball
2-0: Called Strike
2-1: Fielders Choice at 2nd, 6-4 (Groundball, 6, EV 99.4 MPH)
Bottom of the 5th over - 0 runs, 1 hit, 0 errors, 1 left on base; Tacoma 1 - Round Rock 1
TOP OF THE 6TH
Tacoma Rainiers batting - Pitching for Round Rock Express : RHP Luis Herrera
Batting: RHB Enrique Valdez 0-0: Foul Ball, location: 2F
0-1: Swinging Strike
0-2: Ball
1-2: Strikes out swinging
Batting: LHB Josh Pittman 0-0: Called Strike
0-1: SINGLE (Line Drive, 89S, EV 102.5 MPH)
Batting: LHB Ryan Lowe 0-0: Swinging Strike
0-1: Called Strike
0-2: Strikes out swinging
Batting: RHB Josh Ruhl 0-0: Ball
1-0: Called Strike
1-1: Fielders Choice at 2nd, 6-4 (Groundball, 6, EV 80.0 MPH)
Top of the 6th over - 0 runs, 1 hit, 0 errors, 1 left on base; Tacoma 1 - Round Rock 1
BOTTOM OF THE 6TH
Round Rock Express batting - Pitching for Tacoma Rainiers : RHP Vinny Reveles
Batting: LHB Jody Hudson 0-0: Ground out 4-3 (Groundball, 4S, EV 75.0 MPH)
Batting: RHB Adryão Anto 0-0: Called Strike
0-1: Ball
1-1: Swinging Strike
1-2: Ball
2-2: Foul Ball, location: 2F
2-2: Strikes out swinging, 2-3 out at first.
Batting: LHB Josh Stuck 0-0: Called Strike
0-1: Foul Ball, location: 2F
0-2: Foul Ball, location: 2F
0-2: Ball
1-2: Foul Ball, location: 2F
1-2: Ball
2-2: Foul Ball, location: 2F
2-2: Ground out 4-3 (Groundball, 4, EV 80.0 MPH)
Bottom of the 6th over - 0 runs, 0 hits, 0 errors, 0 left on base; Tacoma 1 - Round Rock 1
TOP OF THE 7TH
Tacoma Rainiers batting - Pitching for Round Rock Express : RHP Luis Herrera
Batting: RHB Rick Ellis 0-0: Ball
1-0: Ball
2-0: Ground out 6-3 (Groundball, 6, EV 97.5 MPH)
Batting: RHB Chris Olheiser 0-0: Ball
1-0: Called Strike
1-1: Ball
2-1: Foul Ball, location: 2F
2-2: Ball
3-2: Foul Ball, location: 2F
3-2: Foul Ball, location: 2F
3-2: Base on Balls
Batting: RHB Max Schellekens 0-0: SINGLE (Flyball, 8RS, EV 90.0 MPH)
Chris Olheiser to second
Batting: RHB Kagetoki Kawai 0-0: Ball
1-0: Ball
2-0: Ball
3-0: Fly out, F9 (Flyball, 9D, EV 99.4 MPH)
Runner from 2nd tags up, SAFE at 3rd, no throw by RF
Batting: RHB Brad Robidas 0-0: Fielders Choice at 2nd, U6 (Groundball, 6M, EV 81.9 MPH)
Top of the 7th over - 0 runs, 1 hit, 0 errors, 2 left on base; Tacoma 1 - Round Rock 1
BOTTOM OF THE 7TH
Round Rock Express batting - Pitching for Tacoma Rainiers : RHP Vinny Reveles
Batting: RHB Trevor Mock 0-0: Ball
1-0: Ground out 1-3 (Groundball, 13S, EV 66.9 MPH)
Batting: RHB Ivan Colon 0-0: Ball
1-0: Ball
2-0: Foul Ball, location: 2F
2-1: Foul Ball, location: 2F
2-2: Strikes out swinging
Batting: RHB Martin Guerrero 0-0: Fly out, F8 (Flyball, 8LD, EV 93.8 MPH)
Bottom of the 7th over - 0 runs, 0 hits, 0 errors, 0 left on base; Tacoma 1 - Round Rock 1
TOP OF THE 8TH
Tacoma Rainiers batting - Pitching for Round Rock Express : RHP Luis Herrera
Batting: RHB Enrique Valdez 0-0: Called Strike
0-1: Ball
1-1: Fly out, F8 (Flyball, 8RD, EV 87.5 MPH)
Pitching: LHP John McRight
Batting: LHB Josh Pittman 0-0: Called Strike
0-1: SINGLE (Groundball, 34D, EV 98.1 MPH)
Pinch Hitting: RHB Zach Downs 0-0: Ball
1-0: Swinging Strike
1-1: Foul Ball, location: 2F
1-2: Ball
2-2: Strikes out looking
Batting: RHB Josh Ruhl 0-0: Foul Ball, location: 2F
0-1: Fielders Choice at 2nd, 6-4 (Groundball, 6, EV 86.2 MPH)
Top of the 8th over - 0 runs, 1 hit, 0 errors, 1 left on base; Tacoma 1 - Round Rock 1
BOTTOM OF THE 8TH
Round Rock Express batting - Pitching for Tacoma Rainiers : RHP Vinny Reveles
Pitching: RHP Jace Daniels
Now at 1B: Zach Downs
Batting: RHB Jeremy Boerman 0-0: Ball
1-0: Ball
2-0: Called Strike
2-1: SINGLE (Groundball, 34D, EV 98.8 MPH)
Batting: RHB Carlos Lopez 0-0: Ball
1-0: Fly out, F8 (Flyball, 8RD, EV 95.6 MPH)
Batting: RHB Luis Arce 0-0: Called Strike
0-1: Ball
1-1: SINGLE (Groundball, 56D, EV 107.5 MPH)
Jeremy Boerman to second
Batting: LHB Jody Hudson 0-0: Ball
1-0: Ball
2-0: Ball
3-0: Base on Balls
Jeremy Boerman to third
Luis Arce to second
Batting: RHB Adryão Anto 0-0: SINGLE (Groundball, 34, EV 98.1 MPH)
Jeremy Boerman scores
Luis Arce to third
Jody Hudson to second
Runner from 3rd tries for Home, SAFE, throw by RF to home
Batting: LHB Josh Stuck 0-0: Ball
1-0: Called Strike
1-1: Called Strike
1-2: Fly out, F2 (Popup, 2RF, EV 90.6 MPH)
Batting: RHB Trevor Mock 0-0: Swinging Strike
0-1: Ball
Wild Pitch!
Jody Hudson to third
Adryão Anto to second
1-1: Called Strike
1-2: Ball
2-2: Foul Ball, location: 2F
2-2: 3-RUN HOME RUN (Flyball, 7D, EV 100.0 MPH), Distance : 377 ft
Pitching: RHP Chris Julien
Batting: RHB Ivan Colon 0-0: Ball
1-0: Foul Ball, location: 2F
1-1: Foul Ball, location: 2F
1-2: Ball
2-2: Strikes out looking
Bottom of the 8th over - 5 runs, 4 hits, 0 errors, 0 left on base; Tacoma 1 - Round Rock 6
TOP OF THE 9TH
Tacoma Rainiers batting - Pitching for Round Rock Express : LHP John McRight
Batting: RHB Rick Ellis 0-0: Swinging Strike
0-1: Ball
1-1: Called Strike
1-2: Strikes out swinging
Batting: RHB Chris Olheiser 0-0: Swinging Strike
0-1: Foul Ball, location: 2F
0-2: Ball
1-2: Strikes out swinging
Batting: RHB Max Schellekens 0-0: Ball
1-0: Ball
2-0: Ball
3-0: Called Strike
3-1: Base on Balls
Batting: RHB Kagetoki Kawai 0-0: Called Strike
0-1: Ball
1-1: Ball
2-1: Ball
3-1: Called Strike
3-2: Base on Balls
Max Schellekens to second
Batting: RHB Brad Robidas 0-0: Ball
Wild Pitch!
Max Schellekens to third
Kagetoki Kawai to second
1-0: Called Strike
1-1: Ball
2-1: Ground out 6-3 (Groundball, 6, EV 97.5 MPH)
Top of the 9th over - 0 runs, 0 hits, 0 errors, 2 left on base; Tacoma 1 - Round Rock 6
Tuesday, March 28th , 2023 - OOTP Baseball 23.10 Build 110